 Dungeon Crawl Stone Soup version 0.30.1-1-g62c8e00024 (webtiles) character file.

Game seed: 3722351956414127762

16 monsoonserge the Trooper (level 2, -1/27 HPs)
             Began as a Hill Orc Fighter on July 17, 2023.
             Was an Initiate of Gozag.
             Succumbed to an adder's poison
             ... on level 2 of the Dungeon.
             The game lasted 00:02:20 (683 turns).

monsoonserge the Trooper (Hill Orc Fighter)          Turns: 683, Time: 00:02:20

Health: -1/27      AC:  6    Str: 18    XL:     2   Next: 58%
Magic:  2/2        EV:  9    Int:  8    God:    Gozag
Gold:   57         SH:  4    Dex: 10    Spells: 1/1 levels left

rFire   . . .        a - +0 war axe
rCold   . . .        c - +0 buckler
rNeg    . . .        b - +0 scale mail
rPois   .            (no helmet)
rElec   .            (no cloak)
rCorr   .            (no gloves)
SInv    .            (no boots)
Will    .....        (no amulet) Stlth
                     (no ring)
HPRegen 0.24/turn    (no ring)
MPRegen 0.08/turn

%: no passive effects
@: brilliant, lethally poisoned (-1 -> -5), attractive, slowed, very slow
A: no striking features
a: Renounce Religion, Potion Petition, Call Merchant, Bribe Branch


You were on level 2 of the Dungeon.
You worshipped Gozag.
Gozag was noncommittal.
You visited 1 branch of the dungeon, and saw 2 of its levels.

You collected 57 gold pieces.

Inventory:

Hand Weapons
 a - a +0 war axe (weapon)
Missiles
 f - 6 poisoned darts (quivered)
Armour
 b - a +0 scale mail (worn)
 c - a +0 buckler (worn)
Scrolls
 e - a scroll of torment {unknown}
 h - a scroll of acquirement {unknown}
 j - a scroll of magic mapping {unknown}
Potions
 d - 2 potions of might


   Skills:
 + Level 3.9 Fighting
 + Level 2.8 Axes
 + Level 3.6 Armour
 + Level 3.6 Shields


You had one spell level left.
You didn't know any spells.
Your spell library was empty.

Dungeon Overview and Level Annotations

Branches:
Dungeon (2/15)

Altars:
Gozag

Shops:
D:1 =

Annotations:
D:2 Natasha


Message History

You hit Natasha but do no damage. You hit the adder.
The adder closely misses you. Natasha closely misses you.
The adder closely misses you. Natasha closely misses you.
You hit Natasha.
Natasha is moderately wounded.
You barely miss the adder. The adder bites you but does no damage.
Natasha casts a spell at you. The magic dart hits you.
You hit Natasha.
Natasha is heavily wounded.
You closely miss the adder. The adder barely misses you.
The adder bites you but does no damage.
Natasha mumbles some strange words.
You barely miss Natasha.
Natasha is heavily wounded.
You barely miss the cerulean imp. You miss the adder.
The adder closely misses you. You block Natasha's attack. The adder bites you.
The cerulean imp hits you with a +2 spear.
Natasha claws you.
* * * LOW HITPOINT WARNING * * *
You slash Natasha!
Natasha is almost dead.
You miss the cerulean imp. You hit the adder.
The adder bites you but does no damage.
The cerulean imp hits you but does no damage.
Natasha claws you.
* * * LOW HITPOINT WARNING * * *
The adder closely misses you.
It was a potion of brilliance.
You feel clever all of a sudden. You block the cerulean imp's attack.
The adder bites you.
* * * LOW HITPOINT WARNING * * *
You are lethally poisoned!
The adder poisons you!
Natasha stares at you and mumbles some strange words.
You feel yourself slow down.
It was a potion of attraction.
You feel attractive to monsters.
You die...
Your body crumbles into a pile of gold.

.........#
........####
...........
#.........
##.......###
#...........
#....<...#
#...5S..#
##...@h##
##...##
#####


You could see Natasha, a cerulean imp (summoned) and an adder.

Vanquished Creatures
  4 ball pythons (D:1)
  An endoplasm (D:1)
  A giant cockroach (D:1)
  A goblin (D:1)
  4 hobgoblins (D:1)
  2 kobolds (D:1)
  A bat (D:1)
  A frilled lizard (D:1)
15 creatures vanquished.

Notes
Turn   | Place    | Note
-------+----------+-------------------------------------------
     0 | D:1      | monsoonserge the Hill Orc Fighter began the quest for the
                  | Orb.
     0 | D:1      | Reached XP level 1. HP: 19/19 MP: 1/1
   232 | D:1      | Reached XP level 2. HP: 27/27 MP: 2/2
   393 | D:1      | Found Rocum's Jewellery Boutique.
   502 | D:1      | Found a faded altar of an unknown god.
   524 | D:1      | Prayed at the altar of an unknown god.
   524 | D:1      | Became a worshipper of Gozag Ym Sagoz the Greedy
   668 | D:2      | Noticed Natasha
   682 | D:2      | HP: 1/27 [adder (2)]
   683 | D:2      | Succumbed to an adder's poison

Illustrated notes

Levels and vault maps discovered:
D:1:      minmay_arrival_four_loops, layout_basic, serial_shops, shop,
          shapermc_ecumenical_altar_totnotflames
D:2:      layout_rooms, serial_shops, shop_fountains, serial_bayou_pond_a,
          hex_medium, uniq_natasha, uniq_jessica

Action                     || total
---------------------------++-------
  Melee: War axe           ||    41
    Use: Potion            ||     2
 Armour: Scale mail        ||    17
  Dodge: Dodged            ||    30
  Block: Buckler           ||    10
